 Dungeon Crawl Stone Soup version 0.28-a0-925-gd5e1996cdb (webtiles) character file.

Game seed: 8844383371895490365

81 vineage the Skirmisher (level 4, -1/31 HPs)
             Began as a Gargoyle Fighter on Nov 26, 2021.
             Killed from afar by Natasha (6 damage)
             ... with a magic dart
             ... on level 1 of the Dungeon.
             The game lasted 00:01:22 (1417 turns).

vineage the Skirmisher (Gargoyle Fighter)           Turns: 1417, Time: 00:01:23

Health: -1/31      AC: 11    Str: 20    XL:     4   Next: 40%
Magic:  4/4        EV:  9    Int:  8    God:
Gold:   9          SH:  4    Dex: 10    Spells: 3/3 levels left

rFire   . . .      SeeInvis .   a - +0 flail
rCold   . . .      Faith    .   c - +0 buckler
rNeg    + . .      Spirit   .   b - +0 scale mail
rPois   ∞          Reflect  .   (no helmet)
rElec   +          Harm     .   e - +0 cloak
rCorr   .          Rampage  .   (no gloves)
Will    .....                   (no boots)
Stlth   ..........              (no amulet)
HPRegen 0.10/turn               (no ring)
MPRegen 0.09/turn               (no ring)

@: slowed, very slow
A: sickness immunity, AC +3, negative energy resistance 1, electricity
resistance, torment resistance 1, petrification resistance
a: no special abilities


You were on level 1 of the Dungeon.
You visited 1 branch of the dungeon, and saw 2 of its levels.

You collected 9 gold pieces.

Inventory:

Hand Weapons
 a - a +0 flail (weapon)
Armour
 b - a +0 scale mail (worn)
 c - a +0 buckler (worn)
 e - a +0 cloak (worn)
Scrolls
 f - a scroll of noise {unknown}
 g - a scroll of fog {unknown}
Potions
 d - a potion of might


   Skills:
 + Level 5.6 Fighting
 - Level 2.0 Maces & Flails
 - Level 3.2 Armour
 - Level 3.2 Shields


You had 3 spell levels left.
You didn't know any spells.
Your spell library was empty.

Dungeon Overview and Level Annotations

Branches:
Dungeon (2/15)

Altars:

Annotations:
D:1 Natasha


Innate Abilities, Weirdness & Mutations

You are immune to sickness and miasma.
Your stone body is resilient. (AC +3)
You are immune to poison.
You resist negative energy. (rN+)
You are resistant to electric shocks. (rElec)
You are resistant to unholy torment.
You are immune to petrification.


Message History

You have reached level 4!
You feel stronger.
You start resting.
Natasha, Servant of Life and Death comes into view.
You start resting.
HP restored.
You see here a +0 dagger.
Natasha hisses angrily.
Natasha casts a spell at you. The magic dart hits you.
Natasha stares at you and mumbles some strange words.
The magic dart hits you.
You completely miss Natasha. Natasha casts a spell at you.
You feel yourself slow down.
Natasha wildly gestures.
You feel disoriented. Natasha claws you.
You barely miss Natasha. You block Natasha's attack. x2
You closely miss Natasha. You block Natasha's attack.
Natasha closely misses you.
You hit Natasha.
Natasha is lightly wounded.
Natasha claws you. x2
You are too injured to fight recklessly!
Natasha claws you but does no damage.
You barely miss Natasha.
Natasha is lightly wounded.
Natasha casts a spell at you. You resist with some effort.
Natasha barely misses you.
You barely miss Natasha.
Natasha is lightly wounded.
You block Natasha's attack. Natasha barely misses you.
You miss Natasha.
Natasha is lightly wounded.
Natasha claws you.
* * * LOW HITPOINT WARNING * * *
Natasha stares at you and mumbles some strange words.
The magic dart hits you.
You die...

.#### #.###..#.###..# #.##. )...#
#.# ##........# #.##. ###.# #.#
###...##.# #.##. #.# #.# #...##.#
#.##. #.#
#.######...##.#######.##.
#.#####..........##.........##.
###..#..............############.
......................# #.
####............@h#...######## #.
###.......................###.
#.....................>.....
#...........................
#....###########........#...
#....# #....###..#.. #....#
#....# ##...# #....# ###### ###..
###### ###


You could see Natasha.

Vanquished Creatures
  Natasha (twice) (D:1)
  An adder (D:1)
  A dart slug (D:2)
  3 endoplasms (D:1)
  A giant cockroach (D:1)
  4 hobgoblins
  3 quokkas (D:1)
  2 ball pythons (D:1)
  A bat (D:2)
  A frilled lizard (D:2)
  2 rats (D:1)
21 creatures vanquished.

Notes
Turn   | Place    | Note
-------+----------+-------------------------------------------
     0 | D:1      | vineage the Gargoyle Fighter began the quest for the Orb.
     0 | D:1      | Reached XP level 1. HP: 14/14 MP: 1/1
   138 | D:1      | Reached XP level 2. HP: 17/20 MP: 2/2
   200 | D:1      | Reached skill level 4 in Fighting
   646 | D:2      | Noticed Natasha
   653 | D:2      | Noticed a crimson imp
   663 | D:1      | Reached XP level 3. HP: 13/24 MP: 3/3
   810 | D:1      | Killed Natasha
   811 | D:1      | Reached skill level 5 in Fighting
  1082 | D:1      | Noticed Natasha
  1098 | D:1      | Killed Natasha
  1099 | D:1      | Reached XP level 4. HP: 5/31 MP: 4/4
  1134 | D:1      | Noticed Natasha
  1417 | D:1      | Killed from afar by Natasha

Illustrated notes

Levels and vault maps discovered:
D:1:      dpeg_arrival_pond, layout_rooms
D:2:      layout_rooms, ebering_ecumenical_altar_box, uniq_crazy_yiuf_cottage,
          uniq_robin, uniq_natasha

Skill      XL: |  1  2  3 |
---------------+----------+-----
Fighting       | 4 5 |  5.6
Maces & Flails | |  2.0
Armour         | |  3.2
Shields        | |  3.2

Action                   |  1- 3 |  4- 6 || total
-------------------------+-------+-------++-------
Melee: Flail             |    85 |     7 ||    92
Armor: Scale mail        |    57 |     1 ||    58
Dodge: Dodged            |    46 |     3 ||    49
Block: Buckler           |    19 |     4 ||    23

Table legend: (Time is in decaauts)
 A = Elapsed time spent in this place.
 B = Non-inter-level travel time spent in this place.
 C = Inter-level travel time spent in this place.
 D = Time resting spent in this place.
 E = Time spent auto-exploring this place.
 F = Levels seen in this place.
 G = Mean time per level.
                   A        B        C        D        E       F      G
               +--------+--------+--------+--------+--------+-----+--------+
         Total |   1467 |   1249 |    218 |    509 |    524 |   2 |  733.5 |
       Dungeon |   1467 |   1249 |    218 |    509 |    524 |   2 |  733.5 |
               +--------+--------+--------+--------+--------+-----+--------+

Top non-repeatable levels by time:
     D:1: 1423 daAuts
     D:2: 43 daAuts
